 Dungeon Crawl Stone Soup version 0.29-a0-384-g6960b1960d (webtiles) character file.

Game seed: 17067192529565789424

15882 quokkamancerX the Geomancer (level 12, -3/73 HPs)
             Began as a Gargoyle Earth Elementalist on May 8, 2022.
             Was an Elder of Vehumet.
             Slain by a hellwing (7 damage)
             ... summoned by a kobold demonologist
             ... on level 12 of the Dungeon.
             The game lasted 01:21:39 (13037 turns).

quokkamancerX the Geomancer (GrEE)                 Turns: 13037, Time: 01:21:40

Health: -3/73      AC: 19    Str: 11    XL:     12   Next: 31%
Magic:  23/35      EV: 15    Int: 20    God:    Vehumet [****..]
Gold:   948        SH:  6    Dex: 18    Spells: 25/31 levels left

rFire   . . .      SeeInvis .   b - +8 rapier of Makhleb's Inspiration {protect, rPois Str-2 Dex+8 Stlth+}
rCold   . . .      Faith    .   E - +0 buckler
rNeg    + . .      Spirit   .   x - +2 robe {Will+}
rPois   ∞          Reflect  .   q - +2 helmet
rElec   +          Harm     .   j - +2 cloak
rCorr   .          Rampage  .   (no gloves)
Will    +....                   (no boots)
Stlth   +++.......              p - amulet of regeneration
HPRegen 1.02/turn               f - ring of wizardry
MPRegen 0.24/turn               L - ring of magical power

@: about to teleport
A: sickness immunity, AC +8, negative energy resistance 1, electricity
resistance, torment resistance 1, petrification resistance
a: Renounce Religion


You were on level 12 of the Dungeon.
You worshipped Vehumet.
Vehumet was greatly pleased with you.
You visited 2 branches of the dungeon, and saw 13 of its levels.
You also visited: Bailey.

You collected 1312 gold pieces.
You spent 364 gold pieces at shops.

Inventory:

Hand Weapons
 b - the +8 rapier of Makhleb's Inspiration (weapon) {protect, rPois Str-2 Dex+8 Stlth+}
   (You found it on level 5 of the Dungeon)

   It grants its wielder temporary protection when it strikes (+7 to AC).
   Str:       It affects your strength (-2).
   Dex:       It affects your dexterity (+8).
   rPois:     It protects you from poison.
   Stlth:     It makes you more stealthy.
 B - a +2 rapier of venom
 F - the +12 hand crossbow of the Imperium {freeze, Str+2}
   (You took it off a kobold in a bailey)

   Any ammunition fired from it freezes those it strikes, dealing additional
   cold damage.
   It can also slow down cold-blooded creatures.
   Str:       It affects your strength (+2).
 S - a +4 short sword
Missiles
 m - 222 stones
 G - 30 poisoned darts (quivered)
 I - 13 curare-tipped darts
Armour
 j - a +2 cloak (worn)
 q - a +2 helmet (worn)
 x - a +2 robe of willpower (worn)
 E - a +0 buckler (worn)
 Q - a +1 pair of gloves
Magical Staves
 a - a staff of earth
Jewellery
 e - an amulet of magic regeneration
 f - a ring of wizardry (left hand)
 p - an amulet of regeneration (around neck)
 D - a ring of protection from fire
 L - a ring of magical power (right hand)
Wands
 o - a wand of iceblast (13)
 A - a wand of digging (5)
 H - a wand of flame (3)
 O - a wand of polymorph (6)
Scrolls
 g - 3 scrolls of teleportation
 i - a scroll of silence {unknown}
 l - a scroll of magic mapping
 n - 4 scrolls of fear
 r - 2 scrolls of fog
 w - a scroll of enchant weapon
 y - a scroll of summoning
 K - a scroll of immolation
 M - a scroll of brand weapon
 P - 2 scrolls of amnesia
Potions
 c - 4 potions of magic
 d - 5 potions of attraction
 h - 6 potions of curing
 k - a potion of ambrosia
 s - 2 potions of might
 t - 3 potions of haste
 u - a potion of lignification
 v - 4 potions of heal wounds
 z - 3 potions of brilliance
 C - a potion of cancellation
 N - a potion of flight
 R - a potion of mutation {unknown}
 T - a potion of degeneration {unknown}


   Skills:
 - Level 8.0 Fighting
 - Level 6.0 Armour
 - Level 6.0 Dodging
 - Level 2.1 Stealth
 - Level 6.0 Shields
 - Level 10.0 Spellcasting
 + Level 4.1 Conjurations
 - Level 0.7 Transmutations
 - Level 10.0 Earth Magic
 - Level 6.0 Evocations


You had 25 spell levels left.
You knew the following spells:

 Your Spells              Type           Power      Damage    Failure   Level
a - Sandblast             Erth           100%       2d20      1%          1
b - Passwall              Tmut/Erth      25%        N/A       1%          2
c - Stone Arrow           Conj/Erth      76%        3d11      1%          3

Your spell library contained the following spells:

 Spells                   Type           Power      Damage    Failure   Level
 Freezing Cloud           Conj/Ice/Air   7%         6-21      14%         5
 Poisonous Vapours        Pois/Air       20%        N/A       1%          2
 Dazzling Flash           Conj/Hex       36%        N/A       1%          3
 Lee's Rapid Deconstruct  Erth           25%        3d15*     1%          5
 Sting                    Tmut/Pois      44%        1d5       3%          1
 Frozen Ramparts          Ice            20%        1d4       3%          3
 Fulminant Prism          Conj/Hex       9%         3d7       4%          4
 Iskenderun's Mystic Bla  Conj/Tloc      18%        2d6       4%          4
 Leda's Liquefaction      Hex/Erth       15%        N/A       4%          4
 Petrify                  Tmut/Erth      31%        N/A       4%          4
 Olgreb's Toxic Radiance  Pois           10%        N/A       10%         4
 Call Canine Familiar     Summ           10%        N/A       11%         3
 Portal Projectile        Hex/Tloc       20%        N/A       11%         3
 Summon Guardian Golem    Hex/Summ       10%        N/A       11%         3
 Ice Form                 Ice/Tmut       11%        N/A       28%         4
 Summon Ice Beast         Ice/Summ       10%        N/A       32%         4
 Agony                    Necr           10%        N/A       65%         5
 Silence                  Hex/Air        5%         N/A       65%         5
 Orb of Destruction       Conj           13%        9d7       71%         7
 Spellforged Servitor     Conj/Summ      9%         N/A       91%         7


Dungeon Overview and Level Annotations

Branches:
Dungeon (12/15)            Temple (1/1) D:6            Lair (0/6) D:11
    Orc (0/2) D:11         Bailey (visited)

Altars:
Ashenzari
Cheibriados
Dithmenos
Elyvilon
Fedhas
Gozag
Hepliaklqana
Kikubaaqudgha
Makhleb
Nemelex Xobeh
Okawaru
Qazlal
Ru
Sif Muna
Trog
Uskayaw
Vehumet
Wu Jian
Xom
Yredelemnul
Zin
The Shining One
Jiyva

Shops:
D:2 ?   D:3 !   D:7 ?

Annotations:
D:10 2 transporters
D:12 1 runed translucent door


Innate Abilities, Weirdness & Mutations

You are immune to sickness and miasma.
Your stone body is resilient. (AC +8)
You are immune to poison.
You resist negative energy. (rN+)
You are resistant to electric shocks. (rElec)
You are resistant to unholy torment.
You are immune to petrification.


Message History

The red ugly thing gores you but does no damage.
The ynoxinul gestures.
Casting: Stone Arrow (safe; 1% risk of failure)
Confirm with . or Enter, or press ? or * to list all spells.
Aiming: Stone Arrow (safe; 1% risk of failure)
Press: ? - help, Shift-Dir - straight line, f/p - red ugly thing
Aim: a red ugly thing (moderately wounded, 74% to hit)
The stone arrow hits the red ugly thing!
The red ugly thing is heavily wounded.
The red ugly thing gores you!
You are engulfed in flames!
The ufetubus closely misses you. The ufetubus barely misses you.
Casting: Stone Arrow (safe; 1% risk of failure)
Confirm with . or Enter, or press ? or * to list all spells.
Aiming: Stone Arrow (safe; 1% risk of failure)
Press: ? - help, Shift-Dir - straight line, f/p - red ugly thing
Aim: a red ugly thing (moderately wounded, 74% to hit)
The stone arrow hits the red ugly thing!
The red ugly thing is heavily wounded.
The ufetubus barely misses you.
The ufetubus hits you but does no damage.
The red ugly thing misses you.
The kobold demonologist looks satisfied for a moment.
You block the ufetubus's attack. x2
The hellwing swoops through the air toward you!
The hellwing completely misses you. The hellwing hits you.
As you read the scroll of teleportation, it crumbles to dust.
You feel strangely unstable. You block the red ugly thing's attack.
You block the ufetubus's attack. The ufetubus barely misses you.
The hellwing closely misses you. x2
The air fills with toxic fumes!
As you read the scroll of poison, it crumbles to dust.
The ynoxinul disappears in a puff of smoke!
The ufetubus disappears in a puff of smoke! x3
The red ugly thing closely misses you. The hellwing completely misses you.
The hellwing hits you but does no damage.
The red ugly thing attacks as you move away!
The red ugly thing gores you.
You are engulfed in flames!!
* * * LOW HITPOINT WARNING * * *
The hellwing hits you!
You die...

#.......'........ #...
#..##'###........ ###+.. #
#.......####### #$}.##
#.......'.....# ....#
#.......#.....# 34..#
#.......#'#######'.K#
########'#....#§§§#.#######
.........#....#§§§#§§#....#
.........#....#§@uK§.#....#
.........#....#§4§#.§#....#
.........#....#§§§#.§#....#
.........#....#§§§#..#....#
#...######....#§###..#....#######
#...##......###§###..###.........
.....#......#.§§.......'.........
.....'......#§§§.......#.........
######......##########.#.........


You could see a red ugly thing, a hellwing (summoned) and a kobold demonologist.

Vanquished Creatures
  3 hydras
  6 two-headed ogres
  2 orc knights (Bailey)
  Pikel (D:7)
  An ugly thing (D:10)
  2 oklob plants (D:11)
  A cyclops (D:11)
  A kobold demonologist (D:9)
  2 trolls
  A meliai (D:12)
  Prince Ribbit (D:7)
  Sigmund (D:6)
  3 shadows
  A wyvern (D:9)
  6 yaks (D:9)
  3 steam dragons
  5 orc warriors
  A sky beast (D:6)
  3 ogres
  6 centaurs
  2 lemures
  8 kobold brigands
  5 necrophages
  2 gnoll sergeants
  4 bullfrogs
  3 scorpions
  6 wights
  10 killer bees
  6 howler monkeys
  2 jellies
  7 orc priests
  2 hounds
  2 gnoll shamans
  Jessica (D:2)
  8 orc wizards
  Robin (D:3)
  4 adders
  18 gnolls
  A shadow imp (D:6)
  A white imp (D:6)
  4 dart slugs
  36 orcs
  2 bats
  5 endoplasms
  5 giant cockroaches
  17 goblins
  9 hobgoblins
  6 jackals
  3 quokkas
  3 ball pythons
  5 frilled lizards
  32 kobolds
  3 rats
273 creatures vanquished.

Vanquished Creatures (others)
  202 plants
202 creatures vanquished.

Grand Total: 475 creatures vanquished

Notes
Turn   | Place    | Note
-------+----------+-------------------------------------------
     0 | D:1      | quokkamancerX the Gargoyle Earth Elementalist began the
                  | quest for the Orb.
     0 | D:1      | Reached XP level 1. HP: 10/10 MP: 3/3
  1212 | D:1      | Reached XP level 2. HP: 7/15 MP: 3/5
  1795 | D:2      | Found a faded altar of an unknown god.
  2006 | D:2      | Reached XP level 3. HP: 19/19 MP: 6/6
  2149 | D:2      | Noticed Jessica
  2170 | D:2      | Killed Jessica
  2203 | D:2      | Found a blossoming altar of Fedhas.
  2222 | D:2      | Found Gexiclan's Magic Scroll Boutique.
  2252 | D:2      | Bought a scroll of teleportation for 39 gold pieces
  2252 | D:2      | Bought a scroll of teleportation for 39 gold pieces
  2522 | D:3      | Found Ushrerir's Distillery.
  2538 | D:3      | Reached XP level 4. HP: 24/24 MP: 8/8
  2863 | D:3      | Reached skill level 5 in Earth Magic
  2901 | D:3      | Noticed Robin
  2946 | D:3      | Killed Robin
  3082 | D:3      | Identified the +4 whip of Makhleb's Benevolence {freeze,
                  | rElec rC- rCorr Str+3}
  3209 | D:3      | Reached XP level 5. HP: 28/28 MP: 8/10
  3490 | D:2      | Bought a scroll of identify for 26 gold pieces
  3490 | D:2      | Bought a scroll of identify for 26 gold pieces
  3490 | D:2      | Bought a scroll of identify for 26 gold pieces
  3874 | D:4      | Learned a level 2 spell: Passwall
  3878 | D:4      | Learned a level 3 spell: Stone Arrow
  3928 | D:4      | Reached XP level 6. HP: 27/32 MP: 12/12
  4589 | D:5      | Entered Level 5 of the Dungeon
  4700 | D:5      | Reached XP level 7. HP: 31/36 MP: 10/14
  4772 | D:5      | Reached skill level 5 in Spellcasting
  4786 | D:5      | Identified the +8 rapier of Makhleb's Inspiration {protect,
                  | rPois Str-2 Dex+8 Stlth+}
  4965 | D:5      | Found a broken altar of Ashenzari.
  5282 | D:3      | Bought a potion of cancellation for 96 gold pieces
  5536 | D:6      | Noticed Sigmund
  5545 | D:6      | Killed Sigmund
  5546 | D:6      | Reached XP level 8. HP: 41/41 MP: 14/17
  5948 | D:6      | Found a staircase to the Ecumenical Temple.
  5959 | Temple   | Entered the Ecumenical Temple
  6393 | Temple   | Became a worshipper of Vehumet
  7220 | D:7      | Reached skill level 10 in Earth Magic
  7256 | D:7      | Reached XP level 9. HP: 45/45 MP: 18/20
  7287 | D:7      | Noticed Pikel
  7356 | D:7      | Killed Pikel
  7522 | D:7      | Reached * piety under Vehumet
  7522 | D:7      | Offered knowledge of Magic Dart by Vehumet.
  7549 | D:7      | Noticed Prince Ribbit
  7557 | D:7      | Killed Prince Ribbit
  7805 | D:7      | Found Sivva's Magic Scroll Emporium.
  7904 | D:7      | Bought a scroll of identify for 28 gold pieces
  7904 | D:7      | Bought a scroll of identify for 28 gold pieces
  7904 | D:7      | Bought a scroll of identify for 28 gold pieces
  7904 | D:7      | Bought a scroll of identify for 28 gold pieces
  7906 | D:7      | Identified a scroll of acquirement
  7907 | D:7      | Acquired a Young Poisoner's Handbook
  7974 | D:8      | Found a flagged portal.
  7994 | Bailey   | Entered a bailey
  8014 | Bailey   | Reached skill level 1 in Evocations
  8040 | Bailey   | Identified the +12 hand crossbow of the Imperium {freeze,
                  | Str+2}
  8219 | Bailey   | Noticed an orc knight
  8318 | Bailey   | Killed an orc knight
  8318 | Bailey   | Reached ** piety under Vehumet
  8318 | Bailey   | Offered knowledge of Freeze by Vehumet.
  8319 | Bailey   | Reached skill level 10 in Spellcasting
  8319 | Bailey   | Reached XP level 10. HP: 39/50 MP: 16/24
  8427 | Bailey   | Noticed an orc knight
  8449 | Bailey   | Reached skill level 1 in Fighting
  8510 | Bailey   | Killed an orc knight
  8511 | Bailey   | Reached skill level 5 in Evocations
  8602 | Bailey   | Found an iron altar of Okawaru.
  9777 | D:9      | Found a sparkling altar of Nemelex Xobeh.
  9836 | D:9      | Offered knowledge of Inner Flame by Vehumet.
 10059 | D:9      | Reached skill level 5 in Fighting
 10147 | D:9      | Reached *** piety under Vehumet
 10230 | D:9      | Noticed a kobold demonologist
 10236 | D:9      | Killed a kobold demonologist
 10237 | D:9      | Reached XP level 11. HP: 65/67 MP: 25/25
 10340 | D:9      | Offered knowledge of Ignite Poison by Vehumet.
 10702 | D:10     | Entered Level 10 of the Dungeon
 10930 | D:10     | Found a transporter.
 10931 | D:10     | Found a transporter.
 10933 | D:10     | Found a viscous altar of Jiyva.
 11070 | D:10     | Noticed a two-headed ogre
 11090 | D:10     | Killed a two-headed ogre
 11091 | D:10     | Reached skill level 1 in Armour
 11260 | D:10     | Noticed a two-headed ogre
 11270 | D:10     | Noticed a two-headed ogre
 11305 | D:10     | Killed a two-headed ogre
 11305 | D:10     | Reached **** piety under Vehumet
 11366 | D:10     | Killed a two-headed ogre
 11367 | D:10     | Reached skill level 5 in Dodging
 11467 | D:10     | Noticed a two-headed ogre
 11477 | D:10     | Killed a two-headed ogre
 11738 | D:11     | Noticed a cyan ugly thing
 11755 | D:10     | Killed a cyan ugly thing
 11805 | D:11     | Noticed a two-headed ogre
 11806 | D:11     | Noticed a seven-headed hydra
 11818 | D:11     | Killed a seven-headed hydra
 11819 | D:11     | Reached skill level 1 in Shields
 11823 | D:11     | Killed a two-headed ogre
 11824 | D:11     | Reached skill level 5 in Armour
 11870 | D:11     | Found a staircase to the Orcish Mines.
 11902 | D:11     | Noticed an oklob plant
 11902 | D:11     | Noticed an oklob plant
 11928 | D:11     | Offered knowledge of Freezing Cloud by Vehumet.
 12083 | D:11     | Noticed a five-headed hydra
 12104 | D:11     | Killed a five-headed hydra
 12105 | D:11     | Reached XP level 12. HP: 73/73 MP: 26/26
 12246 | D:11     | Found a staircase to the Lair.
 12324 | D:11     | Reached skill level 1 in Conjurations
 12552 | D:11     | Noticed a two-headed ogre
 12574 | D:11     | Killed a two-headed ogre
 12575 | D:11     | Reached skill level 5 in Shields
 12877 | D:12     | Noticed an eight-headed hydra
 12882 | D:12     | Killed an eight-headed hydra
 13020 | D:12     | Found a runed translucent door.
 13037 | D:12     | HP: 3/73 [red ugly thing (20)]
 13037 | D:12     | Slain by a hellwing

Illustrated notes

Levels and vault maps discovered:
D:1:      roderic_crop_circles_arrival_small, layout_loops_corners,
          dreamdust_princess_bridge
D:2:      minmay_evil_eye, layout_rooms, basic_altar,
          ebering_ecumenical_altar_webs, serial_shops, nicolae_shop_statue_plus,
          uniq_jessica
D:3:      layout_loops_corners, serial_shops, shop, uniq_robin
D:4:      layout_basic, chequers_serial_rivers_marsh
D:5:      layout_cave_pools, cheibrodos_ashenzari_chains
D:6:      layout_loops_corners, temple_doors_e, uniq_sigmund
D:7:      layout_rooms, serial_shops, nicolae_square_shop, uniq_pikel,
          uniq_prince_ribbit1
D:8:      layout_basic, enter_bailey_4, serial_glass, glass_columns_a,
          glass_columns_a, glass_columns_a, glass_columns_a, grunt_ministairs_10
D:9:      layout_irregular_city, mainiacjoe_overflow_boulevard
D:10:     gammafunk_jiyva_shrine, layout_rooms, minmay_puff
D:11:     layout_loops_cross, dpeg_oklobed_lair, orc_0_dummy
D:12:     minmay_expanding_circles, layout_gridville, serial_shops,
          nicolae_shop_hallway_plus, uniq_lodul
Temple:   mainiacjoe_temple_big_plus

Skill      XL: |  1  2  3  4  5  6  7  8  9 10 11 12 |
---------------+-------------------------------------+-----
Earth Magic    | 4 5 6 7 8 10 | 10.0
Spellcasting   | 3 4 6 7 10 | 10.0
Evocations     | 4 6 |  6.0
Fighting       | 7 8 |  8.0
Dodging        | 2 6 |  6.0
Armour         | 6 |  6.0
Shields        | 4 6 |  6.0
Conjurations   | 4 |  4.1
Stealth        | |  2.1
Transmutations | |  0.7

Action                   |  1- 3 |  4- 6 |  7- 9 | 10-12 || total
-------------------------+-------+-------+-------+-------++-------
Melee: Short sword       |   319 |    55 |       |       ||   374
       Punch             |     7 |     3 |       |       ||    10
       Rapier            |       |    87 |   156 |   249 ||   492
Throw: Dart              |       |       |    17 |    51 ||    68
 Cast: Sandblast         |    13 |    14 |    26 |    52 ||   105
       Passwall          |       |       |     1 |       ||     1
       Stone Arrow       |       |       |    17 |    70 ||    87
Evoke: Wand              |       |       |    10 |     2 ||    12
  Use: Scroll            |       |     7 |    12 |     8 ||    27
       Potion            |       |       |     1 |       ||     1
 Stab: Sleeping          |     1 |     3 |     5 |     2 ||    11
Armor: Robe              |    16 |    79 |   123 |   204 ||   422
Dodge: Dodged            |    40 |    86 |   112 |   213 ||   451
Block: Buckler           |       |       |    25 |    77 ||   102

Table legend: (Time is in decaauts)
 A = Elapsed time spent in this place.
 B = Non-inter-level travel time spent in this place.
 C = Inter-level travel time spent in this place.
 D = Time resting spent in this place.
 E = Time spent auto-exploring this place.
 F = Levels seen in this place.
 G = Mean time per level.
                   A        B        C        D        E       F      G
               +--------+--------+--------+--------+--------+-----+--------+
         Total |  13226 |  12428 |    798 |    973 |   6715 |  14 |  944.7 |
       Dungeon |  12103 |  11369 |    734 |    742 |   6402 |  12 | 1008.6 |
        Temple |    456 |    392 |     64 |      0 |    298 |   1 |  456.0 |
        Bailey |    666 |    666 |      0 |    231 |     15 |   1 |  666.0 |
               +--------+--------+--------+--------+--------+-----+--------+

Top non-repeatable levels by time:
     D:1: 1756 daAuts
     D:4: 1266 daAuts
     D:8: 1237 daAuts
     D:6: 1160 daAuts
     D:3: 1139 daAuts
    D:11: 1116 daAuts
    D:10: 1080 daAuts
     D:9: 939 daAuts
     D:7: 793 daAuts
     D:2: 780 daAuts
     D:5: 668 daAuts
  Bailey: 666 daAuts
  Temple: 456 daAuts
    D:12: 163 daAuts
